 Dungeon Crawl Stone Soup version 0.28-a0-474-g535839065c (webtiles) character file.

Game seed: 1246469624530576800

78 Spaninq the Stinger (level 4, 0/57 HPs)
             Began as a Gnoll Wanderer on Sept 15, 2021.
             Succumbed to an adder's poison
             ... on level 3 of the Dungeon.
             The game lasted 00:04:20 (2336 turns).

Spaninq the Stinger (Gnoll Wanderer)                Turns: 2336, Time: 00:04:20

Health: 0/57       AC:  9    Str: 14    XL:     4   Next: 36%
Magic:  11/11      EV:  6    Int: 11    God:
Gold:   86         SH:  0    Dex: 10    Spells: 12/13 levels left

rFire   . . .      SeeInvis .   a - +2 spear
rCold   . . .      Faith    .   (no shield)
rNeg    . . .      Spirit   .   f - +0 chain mail
rPois   .          Reflect  .   (no helmet)
rElec   .          Harm     .   (no cloak)
rCorr   .          Rampage  .   (no gloves)
Will    .....                   (no boots)
Stlth   ..........              (no amulet)
HPRegen 0.19/turn               (no ring)
MPRegen 0.12/turn               (no ring)

@: berserking (expiring), lethally poisoned (0 -> -3), flying, very quick
A: fangs 1, strong nose, distributed training
a: no special abilities


You were on level 3 of the Dungeon.
You visited 1 branch of the dungeon, and saw 3 of its levels.

You collected 86 gold pieces.

Inventory:

Hand Weapons
 a - a +2 spear (weapon)
Armour
 f - a +0 chain mail (worn)
Scrolls
 e - 4 scrolls of identify {unknown}
 h - a scroll of blinking {unknown}
Potions
 b - a potion of lignification


   Skills:
 + Level 4.6 Fighting
 + Level 1.1 Short Blades
 + Level 1.1 Long Blades
 + Level 1.1 Axes
 + Level 1.1 Maces & Flails
 + Level 1.1 Polearms
 + Level 1.1 Staves
 + Level 1.1 Slings
 + Level 1.1 Bows
 + Level 1.1 Crossbows
 + Level 2.7 Throwing
 + Level 2.7 Armour
 + Level 1.1 Dodging
 + Level 2.5 Stealth
 + Level 1.1 Shields
 + Level 1.1 Unarmed Combat
 + Level 5.0 Spellcasting
 + Level 0.8 Conjurations
 + Level 0.8 Hexes
 + Level 0.8 Summonings
 + Level 0.8 Necromancy
 + Level 0.8 Translocations
 + Level 0.8 Transmutations
 + Level 0.8 Fire Magic
 + Level 0.8 Ice Magic
 + Level 0.8 Air Magic
 + Level 0.8 Earth Magic
 + Level 5.4 Poison Magic
 + Level 1.2 Invocations
 + Level 1.1 Evocations


You had 12 spell levels left.
You knew the following spells:

 Your Spells              Type           Power      Damage    Failure   Level
a - Shock                 Conj/Air       16%        1d4       98%         1

Your spell library contained the following spells:

 Spells                   Type           Power      Damage    Failure   Level
 Slow                     Hex            4%         N/A       99%         2
 Sublimation of Blood     Necr           2%         N/A       99%         2
 Wereblood                Tmut           4%         N/A       99%         2
 Confusing Touch          Hex            4%         N/A       100%        3
 Stone Arrow              Conj/Erth      8%         3d7       100%        3
 Yara's Violent Unravell  Hex/Tmut       2%         3d3       100%        5
 Summon Hydra             Summ           2%         N/A       100%        7


Dungeon Overview and Level Annotations

Branches:
Dungeon (3/15)

Altars:
Zin


Innate Abilities, Weirdness & Mutations

You have very sharp teeth.
Your uncanny sense of smell can sniff out nearby items.
Your experience applies equally to all skills.


Message History

You miss the adder.
You feel sick.
You are no longer poisoned.
The adder bites you.
You are poisoned.
The adder poisons you!
You hit the adder. Your bite misses the adder.
The adder is moderately wounded.
You feel sick. The adder barely misses you. The adder bites you.
* * * LOW HITPOINT WARNING * * *
You hit the adder.
The adder is heavily wounded.
You feel sick. The adder bites you.
* * * LOW HITPOINT WARNING * * *
You are lethally poisoned!
The adder poisons you!
It was a potion of cancellation.
You feel magically purged.
* * * LOW HITPOINT WARNING * * *
You feel sick. The adder barely misses you.
It was a potion of flight.
You feel very buoyant.
You fly up into the air.
* * * LOW HITPOINT WARNING * * *
You feel sick. The adder bites you but does no damage.
It was a potion of berserk rage.
A red film seems to cover your vision as you go berserk!
You feel yourself moving faster!
You feel mighty!
* * * LOW HITPOINT WARNING * * *
You feel sick. The adder closely misses you. The adder barely misses you.
You puncture the adder!
You kill the adder!
* * * LOW HITPOINT WARNING * * *
You feel sick.
* * * LOW HITPOINT WARNING * * *
You feel sick.
There is an open door, spattered with blood here.
You see here an adder corpse.
You feel a strong urge to attack something.
* * * LOW HITPOINT WARNING * * *
You feel sick.
You die...

#.......#.#
+..######.###
#.# #...# ##
###.# #.# #.# #
#########†#.#
#...........#
#......@....#
#...............
#..........#####
#...<......+
#..........# ∆
......).....
############. ..


There were no monsters in sight!

Vanquished Creatures
  4 adders
  A worm (D:2)
  A dart slug (D:2)
  4 endoplasms (D:1)
  2 giant cockroaches (D:2)
  6 goblins
  2 hobgoblins (D:1)
  4 jackals (D:1)
  4 kobolds
  A quokka (D:2)
  A ball python (D:1)
  A bat (D:1)
  A frilled lizard (D:2)
  4 rats
36 creatures vanquished.

Vanquished Creatures (others)
  16 plants (D:2)
16 creatures vanquished.

Grand Total: 52 creatures vanquished

Notes
Turn   | Place    | Note
-------+----------+-------------------------------------------
     0 | D:1      | Spaninq the Gnoll Wanderer began the quest for the Orb.
     0 | D:1      | Spaninq set off with the following items: a +2 spear, a
                  | potion of lignification, a +0 robe; and the following spell
                  | memorised: Shock; and the following spells available to
                  | memorise: Stone Arrow
     0 | D:1      | Reached XP level 1. HP: 20/20 MP: 6/6
   325 | D:1      | Found a faded altar of an unknown god.
   406 | D:1      | Reached XP level 2. HP: 24/26 MP: 7/7
   879 | D:2      | Reached skill level 5 in Spellcasting
   879 | D:2      | Reached XP level 3. HP: 4/31 MP: 3/9
  1191 | D:2      | Found a glowing silver altar of Zin.
  1398 | D:2      | Reached skill level 1 in Invocations
  1650 | D:1      | Reached skill level 1 in Short Blades
  1650 | D:1      | Reached skill level 1 in Long Blades
  1650 | D:1      | Reached skill level 1 in Axes
  1650 | D:1      | Reached skill level 1 in Maces & Flails
  1650 | D:1      | Reached skill level 1 in Polearms
  1650 | D:1      | Reached skill level 1 in Staves
  1650 | D:1      | Reached skill level 1 in Slings
  1650 | D:1      | Reached skill level 1 in Bows
  1650 | D:1      | Reached skill level 1 in Crossbows
  1650 | D:1      | Reached skill level 1 in Dodging
  1650 | D:1      | Reached skill level 1 in Shields
  1650 | D:1      | Reached skill level 1 in Unarmed Combat
  1650 | D:1      | Reached skill level 1 in Evocations
  1995 | D:2      | Reached XP level 4. HP: 38/38 MP: 11/11
  2334 | D:3      | HP: 2/57 [poisoned by an adder]
  2336 | D:3      | Succumbed to an adder's poison

Illustrated notes

Levels and vault maps discovered:
D:1:      minmay_arrival_four_circles, layout_basic, basic_ecumenical_altar
D:2:      layout_loops_cross, serial_bayou, serial_bayou_pond_a,
          serial_bayou_pond_a, serial_bayou_ford_a, serial_bayou_lagoon_a,
          basic_altar
D:3:      layout_basic, lemuel_round_altar, saegor_snake_ambush, uniq_jessica,
          uniq_robin

Skill      XL: |  1  2  3 |
---------------+----------+-----
Spellcasting   | 5 |  5.0
Invocations    | 1 |  1.2
Short Blades   | 1 |  1.1
Long Blades    | 1 |  1.1
Axes           | 1 |  1.1
Maces & Flails | 1 |  1.1
Polearms       | 1 |  1.1
Staves         | 1 |  1.1
Slings         | 1 |  1.1
Bows           | 1 |  1.1
Crossbows      | 1 |  1.1
Dodging        | 1 |  1.1
Shields        | 1 |  1.1
Unarmed Combat | 1 |  1.1
Evocations     | 1 |  1.1
Fighting       | |  4.6
Throwing       | |  2.7
Armour         | |  2.7
Stealth        | |  2.5
Conjurations   | |  0.8
Hexes          | |  0.8
Summonings     | |  0.8
Necromancy     | |  0.8
Translocations | |  0.8
Transmutations | |  0.8
Fire Magic     | |  0.8
Ice Magic      | |  0.8
Air Magic      | |  0.8
Earth Magic    | |  0.8
Poison Magic   | |  5.4

Action                   |  1- 3 |  4- 6 || total
-------------------------+-------+-------++-------
Melee: Spear             |   104 |    22 ||   126
       Bite              |     4 |     1 ||     5
 Cast: Shock             |     5 |       ||     5
  Use: Potion            |       |     3 ||     3
 Stab: Sleeping          |     2 |       ||     2
Armor: Robe              |     4 |       ||     4
       Chain mail        |    45 |    12 ||    57
Dodge: Dodged            |    36 |    11 ||    47

Table legend: (Time is in decaauts)
 A = Elapsed time spent in this place.
 B = Non-inter-level travel time spent in this place.
 C = Inter-level travel time spent in this place.
 D = Time resting spent in this place.
 E = Time spent auto-exploring this place.
 F = Levels seen in this place.
 G = Mean time per level.
                   A        B        C        D        E       F      G
               +--------+--------+--------+--------+--------+-----+--------+
         Total |   2359 |   2309 |     50 |    588 |   1333 |   3 |  786.3 |
       Dungeon |   2359 |   2309 |     50 |    588 |   1333 |   3 |  786.3 |
               +--------+--------+--------+--------+--------+-----+--------+

Top non-repeatable levels by time:
     D:2: 1173 daAuts
     D:1: 1057 daAuts
     D:3: 127 daAuts
